 Dungeon Crawl Stone Soup version 0.28.0-53-g5a82cb258f (webtiles) character file.

Game seed: 405232880626894495

102 themarg the Insei (level 4, -1/34 HPs)
             Began as a Gnoll Transmuter on Aug 22, 2022.
             Slain by a hobgoblin (3 damage)
             ... on level 3 of the Dungeon.
             The game lasted 00:05:28 (2902 turns).

themarg the Insei (Gnoll Transmuter)                Turns: 2902, Time: 00:05:28

Health: -1/34      AC:  2    Str:  9    XL:     4   Next: 77%
Magic:  11/11      EV: 13    Int: 14    God:
Gold:   126        SH:  0    Dex: 13    Spells: 10/13 levels left

rFire   . . .      SeeInvis .   q - +2 flail (vorpal)
rCold   . . .      Faith    .   (no shield)
rNeg    + . .      Spirit   .   a - +0 robe
rPois   .          Reflect  .   (no helmet)
rElec   .          Harm     .   (no cloak)
rCorr   .          Rampage  .   (no gloves)
Will    .....                   (no boots)
Stlth   ++........              b - amulet of magic regeneration
HPRegen 0.11/turn               h - ring of positive energy
MPRegen 0.52/turn               (no ring)

@: no status effects
A: fangs 1, strong nose, distributed training
a: no special abilities


You were on level 3 of the Dungeon.
You visited 1 branch of the dungeon, and saw 4 of its levels.

You collected 126 gold pieces.

Inventory:

Hand Weapons
 e - a +0 hunting sling
 m - a +0 flail
 q - a +2 vorpal flail (weapon)
Missiles
 f - 31 stones
 g - 18 sling bullets
Armour
 a - a +0 robe (worn)
Jewellery
 b - an amulet of magic regeneration (around neck)
 h - a ring of positive energy (left hand)
 p - a +4 ring of protection
Scrolls
 d - 4 scrolls of identify {unknown}
 k - a scroll of magic mapping {unknown}
 n - a scroll of fear {unknown}
 o - a scroll of amnesia {unknown}
Potions
 c - 3 potions of curing {unknown}
 i - a potion of attraction {unknown}
 j - 2 potions of flight {unknown}
 l - a potion of lignification {unknown}


   Skills:
 + Level 2.8 Fighting
 + Level 1.2 Short Blades
 + Level 1.2 Long Blades
 + Level 1.2 Axes
 + Level 1.2 Maces & Flails
 + Level 1.2 Polearms
 + Level 1.2 Staves
 + Level 1.2 Slings
 + Level 1.2 Bows
 + Level 1.2 Crossbows
 + Level 1.2 Throwing
 + Level 1.2 Armour
 + Level 4.7 Dodging
 + Level 1.2 Stealth
 + Level 1.2 Shields
 + Level 6.6 Unarmed Combat
 + Level 5.1 Spellcasting
 + Level 1.0 Conjurations
 + Level 1.0 Hexes
 + Level 1.0 Summonings
 + Level 1.0 Necromancy
 + Level 1.0 Translocations
 + Level 3.9 Transmutations
 + Level 1.0 Fire Magic
 + Level 1.0 Ice Magic
 + Level 1.0 Air Magic
 + Level 1.0 Earth Magic
 + Level 1.0 Poison Magic
 + Level 1.3 Invocations
 + Level 1.2 Evocations


You had 10 spell levels left.
You knew the following spells:

 Your Spells              Type           Power      Damage    Failure   Level
a - Beastly Appendage     Tmut           28%        N/A       3%          1
b - Wereblood             Tmut           14%        N/A       5%          2

Your spell library contained the following spells:

 Spells                   Type           Power      Damage    Failure   Level
 Spider Form              Tmut/Pois      10%        N/A       19%         3
 Ozocubu's Armour         Ice            6%         N/A       34%         3
 Ice Form                 Ice/Tmut       10%        N/A       54%         4
 Ozocubu's Refrigeration  Ice            3%         4d5       100%        7


Dungeon Overview and Level Annotations

Branches:
Dungeon (4/15)
 Temple: D:4-7

Altars:
Beogh


Innate Abilities, Weirdness & Mutations

You have very sharp teeth.
Your uncanny sense of smell can sniff out nearby items.
Your experience applies equally to all skills.


Message History

Your Translocations skill increases to level 1!
Your Fire Magic skill increases to level 1!
Your Ice Magic skill increases to level 1!
Your Air Magic skill increases to level 1!
Your Earth Magic skill increases to level 1!
Your Poison Magic skill increases to level 1!
You hit the hobgoblin but do no damage. You headbutt the hobgoblin.
The hobgoblin is lightly wounded.
Your horns disappear.
Your talons disappear.
The hobgoblin closely misses you.
You barely miss the hobgoblin.
The hobgoblin is lightly wounded.
The hobgoblin hits you. The hobgoblin barely misses you.
You barely miss the hobgoblin.
The hobgoblin is lightly wounded.
You howl as the wereblood boils in your veins!
The hobgoblin barely misses you.
You completely miss the hobgoblin. You bite the hobgoblin.
The hobgoblin is heavily wounded.
You howl as the wereblood boils in your veins!
Your primal bloodlust has ended.
The hobgoblin hits you.
* * * LOW HITPOINT WARNING * * *
You closely miss the hobgoblin.
The hobgoblin is heavily wounded.
The hobgoblin closely misses you. The hobgoblin hits you.
* * * LOW HITPOINT WARNING * * *
You completely miss the hobgoblin.
The hobgoblin is heavily wounded.
The hobgoblin closely misses you.
You closely miss the hobgoblin.
The hobgoblin is heavily wounded.
The hobgoblin hits you.
* * * LOW HITPOINT WARNING * * *
You hit the hobgoblin but do no damage.
The hobgoblin is heavily wounded.
The hobgoblin hits you.
* * * LOW HITPOINT WARNING * * *
The hobgoblin hits you.
You die...

####### ##.<...## ##.......##
######...<..>..#
#...##.........#
###########.##.........#
#......# #.@#....>....#
#......# ##g#.........#
#......# #..........###
#......# #............##
#......# ##............#
#......## #..........#.##
#.......#####..........#..#
#......................##.###
#......######.#.......###....


You could see a hobgoblin.

Vanquished Creatures
  Jessica (D:3)
  An orc wizard (D:3)
  An adder (D:3)
  2 dart slugs
  4 orcs (D:3)
  4 ball pythons
  2 endoplasms
  3 giant cockroaches (D:1)
  2 goblins
  2 hobgoblins
  2 quokkas
  A bat (D:1)
  2 frilled lizards
  4 kobolds
  4 rats
35 creatures vanquished.

Notes
Turn   | Place    | Note
-------+----------+-------------------------------------------
     0 | D:1      | themarg the Gnoll Transmuter began the quest for the Orb.
     0 | D:1      | Reached XP level 1. HP: 17/17 MP: 6/6
   470 | D:1      | Reached XP level 2. HP: 23/23 MP: 5/7
  1585 | D:2      | Reached XP level 3. HP: 26/28 MP: 7/9
  1588 | D:2      | Learned a level 2 spell: Wereblood
  1795 | D:3      | Reached skill level 5 in Spellcasting
  2101 | D:3      | Noticed Jessica
  2119 | D:3      | Killed Jessica
  2120 | D:3      | Reached skill level 1 in Short Blades
  2120 | D:3      | Reached skill level 1 in Long Blades
  2120 | D:3      | Reached skill level 1 in Axes
  2120 | D:3      | Reached skill level 1 in Maces & Flails
  2120 | D:3      | Reached skill level 1 in Polearms
  2120 | D:3      | Reached skill level 1 in Staves
  2120 | D:3      | Reached skill level 1 in Slings
  2120 | D:3      | Reached skill level 1 in Bows
  2120 | D:3      | Reached skill level 1 in Crossbows
  2120 | D:3      | Reached skill level 1 in Throwing
  2120 | D:3      | Reached skill level 1 in Armour
  2120 | D:3      | Reached skill level 1 in Stealth
  2120 | D:3      | Reached skill level 1 in Shields
  2120 | D:3      | Reached skill level 1 in Invocations
  2120 | D:3      | Reached skill level 1 in Evocations
  2120 | D:3      | Reached XP level 4. HP: 7/34 MP: 11/11
  2709 | D:3      | Found a faded altar of an unknown god.
  2846 | D:4      | Noticed a phantom
  2895 | D:3      | Reached skill level 1 in Conjurations
  2895 | D:3      | Reached skill level 1 in Hexes
  2895 | D:3      | Reached skill level 1 in Summonings
  2895 | D:3      | Reached skill level 1 in Necromancy
  2895 | D:3      | Reached skill level 1 in Translocations
  2895 | D:3      | Reached skill level 1 in Fire Magic
  2895 | D:3      | Reached skill level 1 in Ice Magic
  2895 | D:3      | Reached skill level 1 in Air Magic
  2895 | D:3      | Reached skill level 1 in Earth Magic
  2895 | D:3      | Reached skill level 1 in Poison Magic
  2902 | D:3      | Slain by a hobgoblin

Illustrated notes

Levels and vault maps discovered:
D:1:      arrival_zaba_pyramid, layout_basic, chequers_mini_garden,
          serial_bayou_pond_d, chequers_serial_rivers_marsh
D:2:      layout_rooms, serial_park_tiny_pond
D:3:      layout_rooms, hellmonk_ecumenical_altar_defaced_shrine, uniq_jessica
D:4:      minmay_general_purpose_star, layout_cave_pools, grunt_ministairs_15,
          hangedman_abyss_or_decor_jellyfish_corner, kennysheep_small_circle,
          uniq_crazy_yiuf_cottage

Skill      XL: |  1  2  3  4 |
---------------+-------------+-----
Spellcasting   | 5 |  5.1
Short Blades   | 1 |  1.2
Long Blades    | 1 |  1.2
Axes           | 1 |  1.2
Maces & Flails | 1 |  1.2
Polearms       | 1 |  1.2
Staves         | 1 |  1.2
Slings         | 1 |  1.2
Bows           | 1 |  1.2
Crossbows      | 1 |  1.2
Throwing       | 1 |  1.2
Armour         | 1 |  1.2
Stealth        | 1 |  1.2
Shields        | 1 |  1.2
Invocations    | 1 |  1.3
Evocations     | 1 |  1.2
Conjurations   | 1 |  1.0
Hexes          | 1 |  1.0
Summonings     | 1 |  1.0
Necromancy     | 1 |  1.0
Translocations | 1 |  1.0
Fire Magic     | 1 |  1.0
Ice Magic      | 1 |  1.0
Air Magic      | 1 |  1.0
Earth Magic    | 1 |  1.0
Poison Magic   | 1 |  1.0
Fighting       | |  2.8
Dodging        | |  4.7
Unarmed Combat | |  6.6
Transmutations | |  3.9

Action                   |  1- 3 |  4- 6 || total
-------------------------+-------+-------++-------
Melee: Club              |    47 |       ||    47
       Kick              |    12 |     4 ||    16
       Unarmed           |     2 |       ||     2
       Headbutt          |     9 |     5 ||    14
       Bite              |     5 |     4 ||     9
       Flail             |    26 |    35 ||    61
       Punch             |     6 |     1 ||     7
 Cast: Beastly Appendage |    20 |     3 ||    23
       Wereblood         |     2 |     2 ||     4
Armor: Robe              |    12 |     9 ||    21
Dodge: Dodged            |    45 |    30 ||    75
